 Dungeon Crawl Stone Soup version 0.30-a0-782-ge64f9170bb (webtiles) character file.

Game seed: 15752691596213451349

312499 theswoord the Lord of Darkness (level 20, -9/174 HPs)
             Began as a Demonspawn Gladiator on Mar 16, 2023.
             Was the Champion of Kikubaaqudgha.
             Mangled by a yaktaur captain (35 damage)
             ... on level 3 of the Vaults on Mar 17, 2023.
             The game lasted 01:34:17 (45118 turns).

theswoord the Lord of Darkness (DsGl)              Turns: 45118, Time: 01:34:17

Health: -9/174     AC: 28    Str: 22    XL:     20   Next: 44%
Magic:  0/20       EV: 14    Int: 13    God:    Kikubaaqudgha [******]
Gold:   581        SH:  6    Dex: 20    Spells: 13/19 levels left

rFire   + . .      SeeInvis .    R - +3 lajatang (pain)
rCold   + + +      Faith    .    (shield currently unavailable)
rNeg    + . .      Spirit   .    V - +10 plate armour of Jigsaw {+Blink rC+ Dex+3 Slay+3}
rPois   .          Reflect  .    z - +2 hat
rElec   +          Harm     .    l - scarf {rC+ rF+}
rCorr   .          Rampage  .    T - +1 pair of gloves {infuse}
Will    ++...                    (boots unavailable) Stlth
                                 v - amulet of regeneration
HPRegen 2.29/turn                i - ring "Kionkiek" {rElec rC+ rN+ Will+ Int+4}
MPRegen 0.17/turn                f - +4 ring of slaying

@: about to teleport, death channelling, marked, corroded, studying Axes
A: hooves 3, large bone plates 2, foul stench 3, powered by death 1,
augmentation 1
}: 2/15 runes: decaying, serpentine
a: Renounce Religion, Evoke Blink, Unearth Wretches, Torment, Brand Weapon With
Pain, Receive Forbidden Knowledge


You were on level 3 of the Vaults.
You worshipped Kikubaaqudgha.
Kikubaaqudgha was exalted by your worship.
You visited 8 branches of the dungeon, and saw 37 of its levels.
You also visited: Bailey and Wizlab.

You collected 3430 gold pieces.
You spent 2849 gold pieces at shops.

Inventory:

Hand Weapons
 a - a +0 quarterstaff of electrocution
 p - the +9 triple crossbow of Misery {speed, Str+3 Int+3 Stlth-}
   (You subdued it in a wizard's laboratory)

   Str:       It affects your strength (+3).
   Int:       It affects your intelligence (+3).
   Stlth:     It makes you less stealthy.
 R - a +3 lajatang of pain (weapon)
Missiles
 d - 2 throwing nets
 e - 8 javelins
Armour
 l - a scarf of resistance (worn)
 z - a +2 hat (worn)
 D - a +0 cloak
 T - a +1 pair of gloves of infusion (worn)
 V - the +10 plate armour of Jigsaw (worn) {+Blink rC+ Dex+3 Slay+3}
   (You bought it in a shop on level 1 of the Orcish Mines)

   Dex:       It affects your dexterity (+3).
   Slay:      It affects your accuracy & damage with ranged weapons and melee
   (+3).
   rC:        It protects you from cold.
   +Blink:    It lets you blink.
Jewellery
 f - a +4 ring of slaying (right hand)
 g - a ring of poison resistance
 i - the ring "Kionkiek" (left hand) {rElec rC+ rN+ Will+ Int+4}
   (You took it off a spriggan on level 1 of the Swamp)

   [ring of willpower]

   Int:       It affects your intelligence (+4).
   rC:        It protects you from cold.
   rElec:     It insulates you from electricity.
   rN:        It protects you from negative energy.
   Will:      It increases your willpower.
 k - a +4 ring of protection
 m - a +5 ring of evasion
 v - an amulet of regeneration (around neck)
 C - a ring of willpower
 O - a ring of protection from cold
 U - the necklace of Bloodlust {Fury *Rage Will++ Int-3 Slay+6}
   (You found it on level 1 of the Orcish Mines)

   [amulet of nothing]

   Fury:      It extends the wearer's berserk rage when killing foes.
   Int:       It affects your intelligence (-3).
   Slay:      It affects your accuracy & damage with ranged weapons and melee
   (+6).
   *Rage:     It berserks you when you make melee attacks (+50% chance).
   Will:      It greatly increases your willpower.
Wands
 u - a wand of digging (4)
 y - a wand of roots (29)
 B - a wand of acid (19)
 F - a wand of paralysis (28)
 X - a wand of mindburst (16)
Scrolls
 j - 3 scrolls of immolation
 n - 8 scrolls of vulnerability
 r - 7 scrolls of brand weapon
 s - 2 scrolls of teleportation
 t - 3 scrolls of magic mapping
 G - 17 scrolls of identify
 H - 4 scrolls of fog
 I - 4 scrolls of silence
 K - 5 scrolls of amnesia
 L - a scroll of fear
 P - 3 scrolls of enchant armour
Potions
 b - a potion of haste
 c - 4 potions of might
 h - 2 potions of cancellation
 o - 7 potions of attraction
 q - 13 potions of curing
 w - 8 potions of resistance
 x - 5 potions of flight
 A - 4 potions of ambrosia
 E - 10 potions of lignification
 J - 5 potions of mutation
 W - a potion of berserk rage
 Y - 5 potions of brilliance


   Skills:
 + Level 19.4 Fighting
 - Level 14.0 Staves
 - Level 1.7 Throwing
 + Level 17.8 Armour
 + Level 12.0 Dodging
 + Level 20.6 Necromancy


You had 13 spell levels left.
You knew the following spells:

 Your Spells              Type           Power      Damage    Failure   Level
a - Death Channel         Necr           26%        N/A       8%          6

Your spell library contained the following spells:

 Spells                   Type           Power      Damage    Failure   Level
 Necrotise                Necr           100%       1d9       1%          1
 Sublimation of Blood     Necr           52%        N/A       1%          2
 Vampiric Draining        Necr           52%        2d9       1%          3
 Dispel Undead            Necr           52%        3d19      1%          4
 Cigotuvi's Dreadful Rot  Necr/Pois/Air  34%        N/A       22%         2
 Anguish                  Hex/Necr       13%        N/A       34%         4
 Borgnjor's Vile Clutch   Necr/Erth      13%        N/A       67%         5
 Ignite Poison            Fire/Tmut/Pois 0%         N/A       100%        3
 Inner Flame              Hex/Fire       0%         N/A       100%        3
 Kindle Blastsparks       Fire/Tloc/Air  0%         2d10      100%        3
 Airstrike                Air            0%         2d(0-16)  100%        4
 Flame Wave               Conj/Fire      0%         2d4       100%        4
 Leda's Liquefaction      Hex/Erth       0%         N/A       100%        4
 Petrify                  Tmut/Erth      0%         N/A       100%        4
 Sticky Flame             Conj/Fire      0%         2d3       100%        4
 Summon Lightning Spire   Summ/Air       0%         N/A       100%        4
 Fireball                 Conj/Fire      0%         3d3       100%        5
 Lee's Rapid Deconstruct  Erth           0%         3d4*      100%        5
 Statue Form              Tmut/Erth      0%         N/A       100%        6


Dungeon Overview and Level Annotations

Branches:
Dungeon (15/15)            Temple (1/1) D:7            Lair (5/5) D:9
  Swamp (4/4) Lair:2        Snake (4/4) Lair:3        Slime (0/5) Lair:4
    Orc (2/2) D:11            Elf (0/3) Orc:2        Vaults (4/5) D:13
  Crypt (0/3) Vaults:2     Depths (2/4) D:15         Bailey (visited)
 WizLab (visited)

Altars:
Ashenzari
Cheibriados
Dithmenos
Fedhas
Gozag
Hepliaklqana
Kikubaaqudgha
Makhleb
Nemelex Xobeh
Okawaru
Qazlal
Ru
Sif Muna
Trog
Uskayaw
Vehumet
Wu Jian
Xom
Yredelemnul
Jiyva

Shops:
D:4 =   Orc:1 [   Orc:2 *[[(   Snake:1 (:   Snake:4 :=:   Vaults:1 :
Vaults:3 ?

Portals:
Hell: Depths:1

Annotations:
D:9 1 exclusion
D:11 1 runed translucent door
Lair:4 exclusion: 3 oklob plants
Lair:5 2 runed translucent doors


Innate Abilities, Weirdness & Mutations

You have hooves in place of feet.
You are mostly covered in large bone plates. (SH +6)
You frequently emit foul miasma when damaged in melee.
You regenerate a little health from kills.
Your magical and physical power is slightly enhanced at high health.


Message History

A glowing mist starts to gather...
The vault sentinel hits your spectral yaktaur captain with a +0 long sword!
The deep elf sorcerer casts a spell at you.
The bolt of acid hits you!!!
* * * LOW HITPOINT WARNING * * *
The acid corrodes you!
The ironbound convoker is engulfed in dark miasma.
The ironbound convoker is poisoned.
The ironbound convoker seems to slow down.
The ironbound convoker hits you with a +0 flail.
* * * LOW HITPOINT WARNING * * *
You feel much better.
The ironbound convoker is no longer moving slowly.
The sphinx hits your spectral yaktaur captain but does no damage.
The sphinx hits your spectral yaktaur captain. x2
Your spectral yaktaur captain hits the sphinx but does no damage.
Your spectral vault sentinel hits the sphinx.
The sphinx hits your spectral yaktaur captain. x2
The sphinx hits your spectral yaktaur captain!
The yaktaur captain hits you but does no damage.
Your spectral yaktaur hits the ironbound convoker!
The deep elf sorcerer casts a spell at you.
The bolt of acid hits you!!
* * * LOW HITPOINT WARNING * * *
The bolt of acid misses your spectral vault sentinel.
As you read the scroll of teleportation, it crumbles to dust.
You feel strangely unstable.
Your spectral yaktaur captain hits the sphinx!
The ironbound convoker is engulfed in dark miasma.
The ironbound convoker looks even sicker.
The ironbound convoker hits your spectral yaktaur with a +0 flail!!
Your spectral dire elephant tramples the yaktaur captain!
The yaktaur captain stumbles backwards!
The sphinx hits your spectral yaktaur captain!!
Your spectral yaktaur captain is destroyed!
Your spectral vault sentinel completely misses the sphinx.
The vault sentinel blows a loud note on a signal horn!
The yaktaur captain hits you!!
You die...
Kikubaaqudgha rasps: "You have failed me!
Welcome... death!"

#.............#....
#...########..#....
#...#......#..#....
#...#......#..#.... #
#...#......#..'.... #.
#...#......#..#####
#'#########...)......#..#####
#.............#).....#.......
#......).pZZ@Z#......#.......
#....)...cH)pc#......#.......
#.....)...Ze..#####''########
#.....)..)....... ..
#...######'##....# . #..
...#...?# #. ....#....# #
.....#....# ..#


You could see a sphinx (strong, drained, ally target), 2 yaktaur captains, a
deep elf sorcerer (strong), a vault sentinel (catching breath, ally target), an
ironbound convoker (distracted, very poisoned, ally target), a friendly spectral
dire elephant, a friendly spectral yaktaur and 2 friendly spectral vault
sentinels.

Vanquished Creatures
  Vashnia (Snake:2)
  Nikola (Snake:1)
  A tentacled monstrosity (Swamp:3)
  A quicksilver dragon (shapeshifter) (D:15)
  Asterion (Depths:2)
  A walking frostbound tome (WizLab)
  The ghost of gengaozo the Warrior, an adept OpAr of Wu Jian (Swamp:4)
  Gastronok (Lair:3)
  A sphinx (Depths:2)
  A thorn hunter (Swamp:3)
  2 storm dragons
  Roxanne (Swamp:3)
  2 frost giants
  5 nagarajas (Snake:4)
  4 vault wardens
  Louise (Swamp:3)
  An orc warlord (Orc:2)
  12 ironbound preservers
  12 very ugly things
  4 stone giants
  Nessos (D:14)
  3 eleionomae
  A juggernaut skeleton (Depths:1)
  4 ironbound thunderhulks
  5 bunyips
  4 dire elephants
  4 fire dragons
  2 ettins (Depths:1)
  An entropy weaver (Vaults:2)
  The ghost of Yqukorch the Carver, a journeyman DgFi (Lair:1)
  3 shambling mangroves
  5 yaktaur captains
  A great orb of eyes (Vaults:3)
  Josephine (Lair:4)
  4 salamander tyrants
  5 rakshasas (WizLab)
  22 hydras
  3 ice dragons
  2 ghost crabs (Swamp:4)
  A vault guard (Vaults:3)
  4 ogre magi
  5 ironbound frosthearts
  9 centaur warriors
  15 anacondas
  6 boulder beetles
  A death knight (D:12)
  3 dancing weapons (WizLab)
  A spriggan air mage (Depths:1)
  4 death yaks (Lair:3)
  6 tengu warriors
  17 naga warriors
  21 two-headed ogres
  3 alligators
  Urug (Lair:4)
  An orc high priest (Orc:2)
  4 spriggan berserkers
  Sonja (Orc:1)
  A deep elf knight (Orc:2)
  14 naga sharpshooters
  6 shock serpents
  The ghost of clease the Firebug, a novice GrFE of Sif Muna (D:9)
  9 skeletal warriors
  Nergalle (Orc:1)
  2 salamander mystics (Snake:4)
  A skyshark (Lair:4)
  3 fire crabs (Swamp:4)
  2 goliath frogs
  An iron troll (Depths:2)
  5 spriggan druids
  A bunyip zombie (Swamp:4)
  2 glowing orange brains
  38 deep trolls
  5 bog bodies
  A flayed ghost (Depths:2)
  7 naga ritualists
  2 wizards
  12 swamp dragons
  8 ironbound convokers
  4 deep elf pyromancers
  5 orc knights
  14 mana vipers
  A golden dragon skeleton (Depths:1)
  9 harpies (Vaults:1)
  A deep elf zephyrmancer (D:15)
  10 lindwurms
  3 orc sorcerers (Orc:2)
  A sphinx zombie (Depths:1)
  3 necromancers
  26 ugly things
  A wolf spider (D:15)
  8 cyclopes
  3 will-o-the-wisps
  21 salamanders
  6 manticores
  A stone giant skeleton (Depths:1)
  A fire giant zombie (Depths:1)
  8 vault sentinels
  35 black mambas
  10 guardian serpents
  Joseph (D:10)
  18 naga magi
  3 fire giant skeletons (Depths:1)
  2 molten gargoyles (Lair:5)
  6 unseen horrors
  An efreet (D:14)
  5 cane toads
  3 rime drakes
  3 kobold demonologists
  3 tengu conjurers
  A komodo dragon (shapeshifter) (D:14)
  11 komodo dragons
  14 yaktaurs
  2 bunyip simulacra (Swamp:4)
  A silent spectre (Orc:1)
  A polar bear (Lair:3)
  15 trolls
  15 hornets
  8 tyrant leeches
  27 blink frogs
  5 dream sheep (Lair:3)
  Sigmund (D:6)
  3 shadows (D:11)
  23 slime creatures
  11 spriggans
  22 yaks
  9 wraiths
  A vampire (D:10)
  An ettin skeleton (Depths:1)
  A spriggan (shapeshifter) (D:15)
  A water elemental (Depths:1)
  7 basilisks (Lair:5)
  5 wyverns
  3 redbacks (Vaults:2)
  16 vampire mosquitoes
  Menkaure (D:6)
  4 steam dragons
  A warg (Orc:1)
  52 nagas
  12 swamp worms
  6 acid dragons
  10 water moccasins
  4 hell hounds (Lair:5)
  31 orc warriors
  9 swamp drakes
  6 sky beasts
  3 black bears
  An ice beast (D:7)
  12 wolves
  21 ogres
  5 boggarts (D:15)
  20 centaurs
  3 phantoms
  2 kobold brigands
  7 bullfrogs
  2 gnoll sergeants
  3 scorpions
  15 wights
  51 killer bees
  2 electric eels (D:9)
  5 howler monkeys
  A crimson imp (D:5)
  9 hounds
  7 lava snakes
  16 orc priests
  A gnoll bouda (D:6)
  5 jellies
  26 orc wizards
  7 hell rats (Lair:5)
  10 gnolls
  8 adders
  A shadow imp (D:5)
  3 white imps
  An ufetubus (D:6)
  5 dart slugs
  74 orcs
  12 ball pythons
  4 bats
  6 endoplasms
  3 giant cockroaches
  8 hobgoblins
  8 jackals
  21 kobolds
  6 quokkas
  4 frilled lizards
  10 goblins
  3 rats (D:1)
  A spectral orc (D:8)
1319 creatures vanquished.

Vanquished Creatures (collateral kills)
  2 ironbound preservers (Vaults:1)
  An ironbound thunderhulk (Vaults:2)
  A yaktaur captain (Vaults:2)
  9 deep trolls
  A harpy (Vaults:1)
  An ugly thing (Vaults:1)
  7 yaktaurs
22 creatures vanquished.

Vanquished Creatures (others)
  A nagaraja (Snake:2)
  A dire elephant (Vaults:1)
  A naga ritualist (Snake:2)
  2 bloated husks
  A steam dragon (Swamp:4)
  2 swamp drakes (Swamp:4)
  2 orc wizards
  A gnoll (D:9)
  4 bushes (D:12)
  18 foxfires
  18 fungi
  35 plants
86 creatures vanquished.

Grand Total: 1427 creatures vanquished

Notes
Turn   | Place    | Note
-------+----------+-------------------------------------------
     0 | D:1      | theswoord the Demonspawn Gladiator began the quest for the
                  | Orb.
     0 | D:1      | Reached XP level 1. HP: 16/16 MP: 1/1
   145 | D:1      | Gained mutation: You have large cloven feet. [demonic
                  | ancestry]
   145 | D:1      | Reached XP level 2. HP: 20/22 MP: 2/2
   431 | D:1      | Reached XP level 3. HP: 27/27 MP: 3/3
  1053 | D:2      | Gained mutation: You are partially covered in large bone
                  | plates. (SH +4) [demonic ancestry]
  1053 | D:2      | Reached XP level 4. HP: 33/33 MP: 4/4
  1452 | D:3      | Reached skill level 5 in Staves
  1452 | D:3      | Reached XP level 5. HP: 19/38 MP: 5/5
  1544 | D:3      | Found a faded altar of an unknown god.
  2339 | D:4      | Noticed a phantom
  2346 | D:4      | Killed a phantom
  2404 | D:4      | Reached XP level 6. HP: 44/44 MP: 6/6
  2554 | D:4      | Found Buuj's Jewellery Shop.
  3062 | D:5      | Entered Level 5 of the Dungeon
  3178 | D:5      | Gained mutation: You may rarely emit foul miasma when
                  | damaged in melee. [demonic ancestry]
  3178 | D:5      | Reached XP level 7. HP: 39/50 MP: 7/7
  3572 | D:5      | Found a stormy altar of Qazlal.
  3819 | D:5      | Gained mutation: You regenerate a little health from kills.
                  | [demonic ancestry]
  3819 | D:5      | Reached XP level 8. HP: 56/56 MP: 8/8
  4290 | D:6      | Noticed Menkaure
  4306 | D:6      | Killed Menkaure
  4307 | D:6      | Reached skill level 10 in Staves
  4527 | D:6      | Noticed a two-headed ogre
  4538 | D:6      | Killed a two-headed ogre
  4539 | D:6      | Reached XP level 9. HP: 61/61 MP: 9/9
  4638 | D:6      | Noticed Sigmund
  4646 | D:6      | Killed Sigmund
  4647 | D:6      | Reached skill level 1 in Armour
  5123 | D:7      | Found an opulent altar of Gozag.
  5123 | D:7      | Found a sparkling altar of Nemelex Xobeh.
  5197 | D:7      | Found a staircase to the Ecumenical Temple.
  5206 | Temple   | Entered the Ecumenical Temple
  5259 | Temple   | Became a worshipper of Kikubaaqudgha
  5288 | D:7      | Found a flagged portal.
  5316 | Bailey   | Entered a bailey
  5377 | Bailey   | Reached skill level 1 in Necromancy
  5419 | Bailey   | Found a large runed translucent door.
  5419 | Bailey   | Found a large runed translucent door.
  5420 | Bailey   | Noticed a deep elf pyromancer
  5428 | Bailey   | Noticed an orc knight
  5475 | D:7      | Reached skill level 2 in Necromancy
  5622 | D:7      | Reached * piety under Kikubaaqudgha
  5622 | D:7      | Received a gift from Kikubaaqudgha
  5632 | D:7      | Gained mutation: You have hoof-like feet. [demonic
                  | ancestry]
  5632 | D:7      | Reached XP level 10. HP: 73/73 MP: 10/10
  5891 | D:7      | Reached skill level 3 in Necromancy
  6451 | D:8      | Noticed a centaur warrior
  6463 | D:8      | Killed a centaur warrior
  6464 | D:8      | Reached skill level 5 in Fighting
  6464 | D:8      | Reached skill level 4 in Necromancy
  6484 | D:8      | Noticed a two-headed ogre
  6500 | D:7      | Killed a two-headed ogre
  6523 | D:8      | Reached ** piety under Kikubaaqudgha
  6867 | D:8      | You fall into a shaft and drop 3 floors!
  6931 | D:11     | Noticed a cyclops
  6932 | D:11     | Noticed a green ugly thing
  6936 | D:10     | Entered Level 10 of the Dungeon
  6949 | D:10     | Killed a green ugly thing
  6950 | D:10     | Reached skill level 5 in Necromancy
  7032 | D:10     | Reached skill level 5 in Armour
  7207 | D:8      | Found a basalt altar of Yredelemnul.
  7401 | D:9      | Found a staircase to the Lair.
  7537 | D:9      | Found a bloodstained altar of Trog.
  7614 | D:9      | Reached XP level 11. HP: 77/81 MP: 11/11
  7627 | D:9      | Found a runed translucent gate.
  7628 | D:9      | Found a runed translucent gate.
  7628 | D:9      | Found a runed translucent gate.
  7629 | D:9      | Noticed clease's ghost (novice GrFE)
  8145 | D:9      | Reached *** piety under Kikubaaqudgha
  8145 | D:9      | Received a gift from Kikubaaqudgha
  8214 | D:9      | Found the +1 robe of Vines {NoPotionHeal Regen++++}
  8218 | D:9      | Noticed a five-headed hydra
  8227 | D:9      | Killed a five-headed hydra
  8230 | D:9      | Reached skill level 6 in Necromancy
  8882 | D:9      | Killed clease's ghost
  9019 | D:10     | Found an ornate altar of the Wu Jian Council.
  9098 | D:10     | Found a shimmering altar of Xom.
  9226 | D:10     | Noticed Joseph
  9241 | D:10     | Killed Joseph
  9242 | D:10     | Reached skill level 7 in Necromancy
  9400 | D:10     | Found a burning altar of Makhleb.
  9499 | D:10     | Identified the +1 dagger "Suhopp" {flame, Dex+3 Stlth+}
  9919 | D:11     | Reached **** piety under Kikubaaqudgha
 10060 | D:11     | Found a runed translucent door.
 10100 | D:11     | Found a staircase to the Orcish Mines.
 10485 | D:11     | Noticed a +1 demon whip of draining
 10487 | D:11     | Noticed a +0 demon trident of pain
 10487 | D:11     | Noticed a +2 vampiric demon blade
 10623 | Lair:1   | Entered Level 1 of the Lair of Beasts
 10758 | Lair:1   | Reached XP level 12. HP: 91/92 MP: 12/12
 10886 | Lair:1   | Reached skill level 8 in Necromancy
 11122 | Lair:1   | Found a large runed translucent door.
 11122 | Lair:1   | Found a large runed translucent door.
 11126 | Lair:1   | Noticed Yqukorch's ghost (journeyman DgFi)
 11635 | Lair:1   | Killed Yqukorch's ghost
 11895 | Lair:2   | You fall into a shaft and drop 1 floor!
 11969 | Lair:3   | Noticed a six-headed hydra
 11980 | Lair:3   | Killed a six-headed hydra
 11980 | Lair:3   | Reached ***** piety under Kikubaaqudgha
 12059 | Lair:3   | Noticed Gastronok
 12082 | Lair:3   | Killed Gastronok
 12083 | Lair:3   | Reached skill level 9 in Necromancy
 12363 | Lair:2   | Found a staircase to the Swamp.
 12873 | Lair:3   | Noticed a death yak
 12873 | Lair:3   | Noticed a death yak
 12874 | Lair:3   | Noticed a death yak
 12874 | Lair:3   | Noticed a death yak
 12901 | Lair:3   | Killed a death yak
 12910 | Lair:3   | Killed a death yak
 12925 | Lair:3   | Killed a death yak
 12933 | Lair:3   | Killed a death yak
 12941 | Lair:3   | Reached skill level 10 in Necromancy
 13247 | Lair:3   | Found a staircase to the Snake Pit.
 13283 | Lair:3   | Reached skill level 10 in Fighting
 13299 | Lair:3   | Reached XP level 13. HP: 87/103 MP: 13/13
 13681 | Lair:4   | Noticed Urug
 13702 | Lair:4   | Killed Urug
 14002 | Lair:4   | Noticed Josephine
 14202 | Lair:4   | Killed Josephine
 14359 | Lair:4   | Found a viscous altar of Jiyva.
 14361 | Lair:4   | Found a staircase to the Slime Pits.
 14511 | Lair:5   | Entered Level 5 of the Lair of Beasts
 14741 | Lair:5   | Reached skill level 11 in Necromancy
 14945 | Lair:5   | Reached skill level 10 in Armour
 15471 | Lair:5   | Reached skill level 12 in Necromancy
 15788 | Lair:5   | Reached ****** piety under Kikubaaqudgha
 16141 | Lair:5   | Reached XP level 14. HP: 84/114 MP: 14/14
 16316 | Lair:5   | Found a large runed translucent door.
 16316 | Lair:5   | Found a large runed translucent door.
 16731 | Orc:1    | Entered Level 1 of the Orcish Mines
 16744 | Orc:1    | Noticed Nergalle
 16770 | Orc:1    | Killed Nergalle
 16912 | Orc:1    | Found Ocep's Armour Boutique.
 16980 | Orc:1    | Found a transporter.
 17050 | Orc:1    | Found a shimmering blue altar of Sif Muna.
 18001 | D:12     | Reached skill level 13 in Necromancy
 18083 | D:12     | Noticed a storm dragon
 18097 | D:12     | HP: 5/116 [storm dragon/bolt of lightning (32)]
 18226 | D:12     | Killed a storm dragon
 18897 | Orc:1    | Found a transporter.
 19017 | Orc:2    | Entered Level 2 of the Orcish Mines
 19391 | Orc:2    | Found Putz's Antique Armour Shoppe.
 19396 | Orc:2    | Found Zaroe's Antique Weapon Emporium.
 19398 | Orc:2    | Found Tuhiggig's General Store.
 19406 | Orc:2    | Found Xustoes's Armour Shoppe.
 19511 | Orc:2    | Bought a +1 pair of gloves of infusion for 231 gold pieces
 19626 | Orc:2    | Noticed an orc warlord
 19647 | Orc:2    | Killed an orc warlord
 19648 | Orc:2    | Reached skill level 14 in Necromancy
 19798 | Orc:2    | Gained mutation: You sometimes emit foul miasma when
                  | damaged in melee. [demonic ancestry]
 19798 | Orc:2    | Reached XP level 15. HP: 103/117 MP: 2/15
 19821 | Orc:2    | Found a staircase to the Elven Halls.
 20134 | Orc:2    | Identified the +3 chain mail of Fedhas's Regard {rF+
                  | Regen+}
 20334 | Orc:1    | Bought the +10 plate armour of Jigsaw {+Blink rC+ Dex+3
                  | Slay+3} for 1526 gold pieces
 21021 | D:13     | Found a gate to the Vaults.
 22094 | D:14     | Reached skill level 15 in Necromancy
 22668 | D:14     | Noticed Nessos
 22677 | D:14     | Killed Nessos
 22815 | D:15     | Entered Level 15 of the Dungeon
 24065 | D:15     | Found a staircase to the Depths.
 24166 | D:15     | a dire elephant changed into a quicksilver dragon
 24166 | D:15     | Noticed a quicksilver dragon (glowing shapeshifter)
 24173 | D:15     | Killed a quicksilver dragon
 24174 | D:15     | Gained mutation: You have hooves in place of feet. [demonic
                  | ancestry]
 24174 | D:15     | Reached XP level 16. HP: 84/134 MP: 6/16
 24389 | D:15     | Reached skill level 15 in Fighting
 24811 | Orc:1    | Noticed Sonja
 24824 | Orc:1    | Killed Sonja
 25237 | Orc:1    | Found a bloodstained altar of Trog.
 25237 | Orc:1    | Found the necklace of Bloodlust {Fury *Rage Will++ Int-3
                  | Slay+6}
 25377 | Orc:1    | Found a runed translucent door.
 25495 | Orc:1    | Reached skill level 16 in Necromancy
 25509 | Orc:1    | Identified the +1 plate armour of the Fiend {rPois}
 25830 | Swamp:1  | Entered Level 1 of the Swamp
 25913 | Swamp:1  | Identified the ring "Kionkiek" {rElec rC+ rN+ Will+ Int+4}
 27798 | Swamp:3  | Noticed a thorn hunter
 27812 | Swamp:3  | Killed a thorn hunter
 27854 | Swamp:3  | Noticed Louise
 27866 | Swamp:3  | Killed Louise
 28299 | Swamp:3  | Identified Roxanne's Vellum of the Fault
 28299 | Swamp:3  | Noticed Roxanne
 28439 | Swamp:3  | Noticed a tentacled monstrosity
 28450 | Swamp:3  | Killed a tentacled monstrosity
 28592 | Swamp:3  | Killed Roxanne
 28602 | Swamp:3  | Learned a level 6 spell: Death Channel
 28762 | Swamp:4  | Entered Level 4 of the Swamp
 28838 | Swamp:4  | Reached skill level 5 in Dodging
 28864 | Swamp:4  | Got the Tractate on Flames
 29339 | Swamp:4  | Reached skill level 17 in Necromancy
 29418 | Swamp:4  | Gained mutation: You are mostly covered in large bone
                  | plates. (SH +6) [demonic ancestry]
 29418 | Swamp:4  | Reached XP level 17. HP: 143/144 MP: 14/17
 29525 | Swamp:4  | Found a runed translucent door.
 29526 | Swamp:4  | Noticed gengaozo's ghost (adept OpAr)
 30453 | Swamp:4  | Reached skill level 15 in Armour
 30551 | Swamp:4  | Killed gengaozo's ghost
 30651 | Swamp:4  | Got a decaying rune of Zot
 30752 | Snake:1  | Entered Level 1 of the Snake Pit
 30848 | Snake:1  | Found Bywkab's Book Shoppe.
 30852 | Snake:1  | Found Hoczuit's Antique Weapon Shoppe.
 32787 | D:4      | Bought a +4 ring of slaying for 1092 gold pieces
 33262 | Snake:2  | Noticed Vashnia
 33270 | Snake:2  | Noticed Nikola
 33516 | Snake:1  | Killed Nikola
 33682 | Snake:2  | Killed Vashnia
 34105 | Snake:3  | Reached skill level 18 in Necromancy
 34496 | Snake:3  | Gained mutation: You frequently emit foul miasma when
                  | damaged in melee. [demonic ancestry]
 34496 | Snake:3  | Reached XP level 18. HP: 141/154 MP: 8/18
 35186 | Snake:4  | Entered Level 4 of the Snake Pit
 36138 | Snake:4  | Found Kerirrics's Book Shop.
 36138 | Snake:4  | Found Jogili's Jewellery Shoppe.
 36139 | Snake:4  | Found Eruawuvi's Book Shop.
 37371 | Snake:4  | Got a serpentine rune of Zot
 37839 | Depths:1 | Entered Level 1 of the Depths
 37906 | Depths:1 | Reached skill level 19 in Necromancy
 38434 | Depths:1 | Found a gateway to Hell.
 38697 | Depths:1 | Reached XP level 19. HP: 86/163 MP: 0/19
 39015 | Depths:1 | Got the Disquisition on Voltaic Cinders
 39093 | Depths:1 | Reached skill level 10 in Dodging
 39335 | Depths:1 | Identified the +0 robe of Courage {rN++ Regen+}
 39783 | Depths:2 | Noticed a caustic shrike
 39783 | Depths:2 | Noticed a golden dragon
 39783 | Depths:2 | Paralysed by a sphinx for 5 turns
 39787 | Depths:2 | HP: 8/163 [frost giant/+1 battleaxe of freezing (11)]
 39787 | Depths:2 | HP: 2/163 [sphinx (5)]
 39912 | Depths:2 | Noticed Asterion
 39926 | Depths:2 | Killed Asterion
 40153 | Vaults:1 | Entered Level 1 of the Vaults
 40209 | Vaults:1 | Found Xeedefe's Book Boutique.
 40299 | Vaults:1 | Found a magical portal.
 40308 | WizLab   | Entered Tukima's Studio
 40481 | WizLab   | Identified the +9 triple crossbow of Misery {speed, Str+3
                  | Int+3 Stlth-}
 40656 | WizLab   | Noticed theswoord's illusion
 41602 | Vaults:1 | Reached skill level 20 in Necromancy
 42806 | Vaults:2 | Gained mutation: Your magical and physical power is
                  | slightly enhanced at high health. [demonic ancestry]
 42806 | Vaults:2 | Reached XP level 20. HP: 120/172 MP: 1/20
 43804 | Vaults:2 | Found a staircase to the Crypt.
 43804 | Vaults:2 | Found a basalt altar of Yredelemnul.
 43805 | Vaults:2 | Found an ancient bone altar of Kikubaaqudgha.
 44232 | Vaults:3 | Found Lilyuneu's Magic Scroll Shoppe.
 44233 | Vaults:3 | You fall into a shaft and drop 1 floor!
 45118 | Vaults:3 | Mangled by a yaktaur captain

Skill      XL: |  1  2  3  4  5  6  7  8  9 10 11 12 13 14 15 16 17 18 19 20 |
---------------+-------------------------------------------------------------+-----
Staves         | 3 4 5 6 7 9 11 12 13 14 | 14.0
Armour         | 3 5 7 8 10 12 13 14 15 16 17 | 17.8
Fighting       | 4 6 8 10 11 13 14 16 17 18 19 | 19.4
Necromancy     | 2 5 7 10 12 14 15 17 18 19 20 | 20.6
Dodging        | 5 7 9 11 12 | 12.0
Throwing       | |  1.7

Action                     |  1- 3 |  4- 6 |  7- 9 | 10-12 | 13-15 | 16-18 | 19-21 || total
---------------------------+-------+-------+-------+-------+-------+-------+-------++-------
  Melee: Quarterstaff      |   100 |   168 |   363 |  1103 |  1108 |   177 |       ||  3019
         Lajatang          |       |       |       |       |   635 |  1265 |   546 ||  2446
         Kick              |       |       |       |       |       |   590 |   233 ||   823
  Throw: Throwing net      |       |       |     4 |     1 |     3 |       |       ||     8
   Cast: Death Channel     |       |       |       |       |       |     4 |    17 ||    21
 Invoke: Torment           |       |       |       |       |     1 |       |       ||     1
  Evoke: Wand              |       |       |       |       |     2 |       |       ||     2
    Use: Scroll            |     8 |     4 |     4 |    10 |    10 |     9 |    10 ||    55
         Potion            |       |     1 |     1 |     4 |    11 |     7 |    11 ||    35
   Stab: Held in net/web   |       |       |     1 |       |     2 |       |       ||     3
         Distracted        |       |       |     1 |       |       |       |     2 ||     3
         Invisible         |       |       |       |       |     1 |       |       ||     1
         Petrified         |       |       |       |       |     4 |       |       ||     4
 Armour: Leather armour    |     8 |       |       |       |       |       |       ||     8
         Plate armour      |    76 |   128 |   258 |   785 |  1488 |   943 |   342 ||  4020
  Dodge: Dodged            |    52 |    35 |    78 |   346 |   555 |   597 |   306 ||  1969
  Block: Other             |       |    20 |    59 |   185 |   277 |   327 |   139 ||  1007

Levels and vault maps discovered:
D:1:      amcnicky_arrival_gap_in_the_tavern_cellar, layout_loops_ring
D:2:      layout_basic
D:3:      layout_basic, elyvilon_altar_5, ebering_ecumenical_altar_petrified
D:4:      layout_basic, minmay_shop_enchanted_jewellery
D:5:      layout_basic, mainiacjoe_overflow_cross_hatched,
          minmay_fire_ice_demons
D:6:      layout_gridville, uniq_sigmund, uniq_menkaure
D:7:      minmay_angry_zag, layout_basic, grunt_temple_overflow_opulence,
          temple_hall, enter_bailey_5
D:8:      layout_basic, yredelemnul_forgotten_temple_becter, due_unseen_surprise
D:9:      layout_layer_cave, mainiacjoe_overflow_catwalk, erik_lair_island,
          ebering_ghost_rock_garden, hellmonk_guarded_unrand_vines
D:10:     layout_irregular_city, mainiacjoe_overflow_catch_the_wave,
          lightli_temple_of_fire, uniq_joseph
D:11:     layout_basic, orc_0_dummy, nicolae_danse_macabre
D:12:     nzn_winding_woodlands_small [nzn_winding_woodlands_5x15_pockets,
          nzn_winding_woodlands_center_pierced_h,
          nzn_winding_woodlands_5x15_pool], layout_small_grid,
          serial_park_tiny_2, kennysheep_donut
D:13:     layout_loops_cross, skrybe_vaults_entry_preservation,
          serial_park_tiny_1
D:14:     layout_loops_ring, uniq_nessos
D:15:     hangedman_depths_entry_try_elsewhere_first, layout_basic,
          minmay_tree_intersection, minivault_24, hangedman_decor_slide_cut
Temple:   nicolae_temple_god_jail
Lair:1:   wad_woods_minihive, layout_chaotic_city, ebering_ghost_disaster_area,
          grunt_megastairs_5
Lair:2:   layout_long_grid, skrybe_swamp_entry_bodies
Lair:3:   layout_roguey, minmay_snake_entry_guardpost_small, wad_woods_road_04,
          infiniplex_staircase_pool_2, uniq_gastronok
Lair:4:   layout_gridlike, minmay_slime_entry_oklob_enclosed, serial_rivers,
          chequers_serial_rivers_micro_a, chequers_serial_rivers_small_a,
          chequers_serial_rivers_room_a, chequers_serial_rivers_marsh,
          chequers_serial_rivers_marsh, uniq_josephine, uniq_urug
Lair:5:   cheibrodos_lair_end_hotspot, layout_cave_pods
Swamp:1:  layout_falls_marsh, nicolae_swamp_very_dense_foliage
Swamp:2:  layout_basic_swamp, serial_swamp_ruin, evilmike_swamp_ruin_rubble_2,
          evilmike_swamp_ruin_house_4, evilmike_swamp_ruin_house_1
Swamp:3:  nicolae_swamp_ascending_descending_big, layout_basic_swamp,
          evilmike_swamp_ruin_wall, uniq_louise, uniq_roxanne
Swamp:4:  swamp_fiery, layout_basic_swamp, gammafunk_ghost_grave, swamp_pool1,
          nicolae_swamp_necromancer_hut
Snake:1:  nicolae_snake_hallway, layout_chambers, st_stairs_7, minmay_shop_star
Snake:2:  layout_rooms, corexii_hall_statues_i, uniq_vashnia, uniq_nikola
Snake:3:  layout_gridlike, grunt_megastairs_2
Snake:4:  grunt_snake_rune_serpentine_throne, layout_onion_interference,
          minmay_shop_grove
Orc:1:    emtedronai_trogs_sanctum, layout_caves, serial_shops, shop,
          kennysheep_orc_sif_temple, uniq_sonja, uniq_nergalle
Orc:2:    st_orc_open, layout_caves, nicolae_orc_rockfall, elf_legates
Vaults:1: mu_enter_wizlab_4, vaults_mumra_chevron_long, hangedman_vaults_cutoff,
          vaults_room_grid, nicolae_vaults_stairing_the_circle,
          nicolae_vaults_network_star, ontoclasm_vaults_fault,
          hangedman_vaults_snaps, v_misc_12, v_misc_19,
          nicolae_vaults_yaktaur_gun_rack, ontoclasm_vaults_ligature, v_misc_24,
          v_alt_pattern_3, layout_vaults_maze_bifur, serial_shops, shop
Vaults:2: hangedman_vaults_stream, ontoclasm_vaults_twist, v_misc_5,
          nicolae_vaults_angled_halls, v_misc_8, layout_vaults_omnigrid,
          minmay_crypt_entry_necro_gods
Vaults:3: hangedman_vaults_unwind, v_misc_2, vaults_mumra_hexcomb,
          hangedman_vaults_impose, grunt_vaults_diagonal,
          nicolae_vaults_halls_meeting, nicolae_vaults_rhombus_6,
          vaults_standard_mumra_x, nicolae_vaults_three_branches,
          layout_vaults_omnicross, serial_shops, shop_statue
Vaults:4: v_misc_28, vaults_dpeg_diagonal, nicolae_vaults_meeting, v_misc_2,
          nicolae_vaults_inception_corners, nicolae_vaults_disjoint_gnomons,
          vaults_dpeg_encased_lava, v_misc_26, v_misc_29,
          vaults_room_fancy_cross, ontoclasm_vaults_gateway, v_misc_15,
          layout_vaults_omnibox
Depths:1: layout_gridlike, hell_entry, dreamdust_looks_like_rain,
          serial_bayou_shore_a
Depths:2: minmay_stepped, layout_long_grid, lemuel_doored_altar, pan_entry,
          hell_entry, serial_shops, shop_fountains, serial_bayou_shore_b,
          grunt_megastairs_4, uniq_asterion
